 Dungeon Crawl Stone Soup version 0.18.1-48-g4cf74bf (webtiles) character file.

127 RepoMan the Shield-Bearer (level 5, 0/41 HPs)
             Began as a Formicid Fighter on Aug 24, 2016.
             Succumbed to an adder's poison
             ... on level 1 of the Dungeon.
             The game lasted 00:11:42 (1404 turns).

RepoMan the Shield-Bearer (Formicid Fighter)        Turns: 1404, Time: 00:11:43

Health: 0/41       AC:  7    Str: 25    XL:     5   Next: 33%
Magic:  5/5        EV:  8    Int:  8    God:
Gold:   99         SH: 10    Dex: 11    Spells: 0 memorised, 4 levels left

rFire  . . .     SeeInvis +     a - +0 war axe
rCold  . . .     Gourm    .     b - +0 scale mail
rNeg   . . .     Faith    .     c - +0 shield
rPois  .         Spirit   .     (helmet unavailable)
rElec  .         Dismiss  .     (no cloak)
rCorr  .         Reflect  .     (no gloves)
SustAt .         Harm     .     (no boots)
MR     .....                    (no amulet)
Stlth  ..........               (no ring)
                                (no ring)

@: mighty, lethally poisoned (0 -> -2), flying, not resistant to hostile
enchantments, extremely unstealthy
A: permanent stasis, dig shafts and tunnels, four strong arms, antennae 3
a: Dig, Shaft Self


You were on level 1 of the Dungeon.
You were not hungry.

You visited 1 branch of the dungeon, and saw 2 of its levels.

You collected 99 gold pieces.

Inventory:

Hand Weapons
 a - a +0 war axe (weapon)
Missiles
 n - a throwing net (quivered)
Armour
 b - a +0 scale mail (worn)
 c - a +0 shield (worn)
Wands
 o - a wand of disintegration (0/24)
Scrolls
 e - 2 scrolls of enchant armour {unknown}
 i - 2 scrolls of fog {unknown}
 l - a scroll of identify {unknown}
 m - a scroll of recharging {unknown}
Comestibles
 f - 2 bread rations
 g - 3 beef jerkies
 j - a slice of pizza


   Skills:
 - Level 3.2 Fighting
 * Level 3.9 Axes
 + Level 4.2 Armour
 + Level 4.4 Shields


You had 4 spell levels left.
You didn't know any spells.

Dungeon Overview and Level Annotations

Branches:
Dungeon (2/15)

Altars:
Pakellas


Innate Abilities, Weirdness & Mutations

You are under a permanent stasis effect.
You can dig through walls and to a lower floor.
Your four strong arms can wield two-handed weapons with a shield.
You have a pair of large antennae on your head (SInv).


Message History

There is a stone staircase leading up here.
Drink which item? (? for menu, Esc to quit)
It was a potion of flight.
You feel very buoyant.
You fly up into the air.
You block the hobgoblin's attack.
* * * LOW HITPOINT WARNING * * *
You feel sick.
The hobgoblin hits you but does no damage.
The goblin hits you but does no damage.
You fly upwards.
There is a stone staircase leading down here.
You slash the goblin!
You kill the goblin!
You hit the hobgoblin.
You kill the hobgoblin!
* * * LOW HITPOINT WARNING * * *
You feel sick.
* * * LOW HITPOINT WARNING * * *
You feel sick.
You die...

..##......#####
#..#......#
..........###
............#
..........#.###
).........#...#
..........###.#####
.........###....)>#
................@.#
#...####.###......#
###...#...........#
# ###.............#
# ###...........# #
#####...........# #
#......(..####### #
#.........# #
#.........#


There were no monsters in sight!

Vanquished Creatures
  Ijyb (D:2)
  4 gnolls (D:2)
  An adder (D:2)
  A worm (D:2)
  3 dart slugs
  2 giant geckos
  4 bats
  2 giant cockroaches (D:1)
  4 goblins
  5 hobgoblins
  4 jackals (D:2)
  7 kobolds
  A ball python (D:2)
  A giant newt (D:1)
  3 rats
43 creatures vanquished.

Notes
Turn   | Place    | Note
--------------------------------------------------------------
     0 | D:1      | RepoMan the Formicid Fighter began the quest for the Orb.
     0 | D:1      | Reached XP level 1. HP: 18/18 MP: 1/1
   108 | D:1      | Reached XP level 2. HP: 23/24 MP: 2/2
   314 | D:1      | Reached XP level 3. HP: 26/29 MP: 3/3
   579 | D:2      | Noticed Ijyb
  1001 | D:2      | Reached XP level 4. HP: 33/35 MP: 4/4
  1256 | D:2      | Found an oddly glowing altar of Pakellas.
  1365 | D:2      | Killed Ijyb
  1365 | D:2      | Reached XP level 5. HP: 41/41 MP: 5/5
  1395 | D:2      | HP: 2/41 [poisoned by an adder]
  1400 | D:1      | HP: 1/41 [poisoned by an adder]
  1404 | D:1      | Succumbed to an adder's poison

Skill      XL: |  1  2  3  4 |
---------------+-------------+-----
Axes           | 3 |  3.9
Shields        | 4 |  4.4
Armour         | 4 |  4.2
Fighting       | |  3.2

Action                   |  1- 3 |  4- 6 || total
-------------------------+-------+-------++-------
Melee: War axe           |    89 |    76 ||   165
Throw: Throwing net      |     1 |       ||     1
Evoke: Wand              |       |     1 ||     1
  Use: Potion            |       |     2 ||     2
  Eat: Chunk             |       |     2 ||     2
Armor: Scale mail        |    23 |    26 ||    49
Dodge: Dodged            |    25 |    21 ||    46
Block: Shield            |    50 |    40 ||    90
